 Dungeon Crawl Stone Soup version 0.18.1-48-g4cf74bf (webtiles) character file.

102 matakusis the Magician (level 4, -4/24 HPs)
             Began as a Deep Elf Summoner on June 25, 2016.
             Killed by divine providence
             ... invoked by an orc priest
              (11 damage)
             ... on level 3 of the Dungeon.
             The game lasted 00:20:36 (2605 turns).

matakusis the Magician (Deep Elf Summoner)          Turns: 2605, Time: 00:20:37

Health: -4/24      AC:  3    Str:  5    XL:     4   Next: 50%
Magic:  7/13       EV: 13    Int: 21    God:
Gold:   89         SH:  0    Dex: 20    Spells: 3 memorised, 7 levels left

rFire  . . .     SeeInvis .     (no weapon)
rCold  . . .     Gourm    .     a - +1 robe
rNeg   . . .     Faith    .     (no shield)
rPois  .         Spirit   .     (no helmet)
rElec  .         Dismiss  .     (no cloak)
rCorr  .         Reflect  .     (no gloves)
SustAt .         Harm     .     (no boots)
MR     .....                    (no amulet)
Stlth  ++........               n - ring of wizardry
                                k - +5 ring of dexterity

@: not resistant to hostile enchantments, unstealthy
A: no striking features
a: no special abilities


You were on level 3 of the Dungeon.
You were not hungry.

You visited 1 branch of the dungeon, and saw 3 of its levels.

You collected 89 gold pieces.

Inventory:

Armour
 a - a +1 robe (worn)
Jewellery
 k - a +5 ring of dexterity (left hand)
 n - a ring of wizardry (right hand)
Scrolls
 d - a scroll of magic mapping {unknown}
 e - a scroll of enchant weapon
Potions
 h - a potion of heal wounds {unknown}
 i - a potion of magic
Books
 b - a book of Callings

   Spells                             Type                      Level
   a - Summon Small Mammal            Summoning                    1
   b - Call Imp                       Summoning                    2
   c - Call Canine Familiar           Summoning                    3
   d - Summon Guardian Golem          Hexes/Summoning              3
   e - Summon Lightning Spire         Summoning/Air                4
   f - Summon Ice Beast               Ice/Summoning                4
Comestibles
 c - a bread ration
 f - 2 beef jerkies
 g - a meat ration
 j - a chunk of flesh


   Skills:
 - Level 2.4 Dodging
 - Level 2.4 Stealth
 + Level 5.4 Spellcasting
 + Level 5.3 Summonings


You had 7 spell levels left.
You knew the following spells:

 Your Spells              Type           Power        Failure   Level  Hunger
a - Summon Small Mammal   Summ           ####         1%          1    None
b - Call Imp              Summ           ####....     1%          2    None
c - Summon Guardian Gole  Hex/Summ       ###.....     4%          3    ##.....


Dungeon Overview and Level Annotations

Branches:
Dungeon (3/15)

Altars:
Yredelemnul


Message History

The orc closely misses your shadow imp.
Your shadow imp hits the orc but does no damage.
Your crimson imp hits the orc but does no damage.
Your shadow imp gestures at the orc.
The orc convulses in agony!
The orc dies!
Your crimson imp hits the orc priest but does no damage.
What do you say? t - Shout!
Orders for allies: a - Attack new target. r - Retreat! s - Stop attacking. w - Wait here. f - Follow me.
Anything else - Stay silent.
Gang up on whom?
Press: ? - help, Dir - move target cursor, f - orc priest
Aim: an orc priest, wielding a club and wearing a leather armour Attack!
Your shadow imp hits the orc priest.
The orc priest mumbles some strange prayers to Beogh against you.
Beogh smites you!
You die...

############# #####
###########.....@.[555#
#5.8.
##........<.#########o#
#.###
.#.##################.#
#.#
...................##5#
#.###
.#################.##o#
####.##( ##
#.##o####.....#( #
#.#........)...% #
#.#..####.#####( #
#.#..#....####..


You could see an orc priest, 2 friendly crimson imps and a friendly shadow imp.

Vanquished Creatures
  2 bats (D:2)
  A giant newt (D:3)
3 creatures vanquished.

Vanquished Creatures (collateral kills)
  2 orc priests (D:3)
  A worker ant (D:3)
  2 adders
  A worm (D:2)
  2 dart slugs
  6 orcs (D:3)
  4 ball pythons
  4 bats
  3 giant cockroaches
  10 goblins
  7 hobgoblins
  5 jackals (D:1)
  A quokka (D:2)
  2 giant newts
  8 kobolds
  5 rats
63 creatures vanquished.

Grand Total: 66 creatures vanquished

Notes
Turn   | Place    | Note
--------------------------------------------------------------
     0 | D:1      | matakusis the Deep Elf Summoner began the quest for the Orb.
     0 | D:1      | Reached XP level 1. HP: 10/10 MP: 6/6
   449 | D:1      | Reached XP level 2. HP: 15/15 MP: 4/8
   476 | D:1      | Learned a level 2 spell: Call Imp
  1178 | D:2      | Reached skill level 5 in Summonings
  1274 | D:2      | Reached XP level 3. HP: 6/19 MP: 7/10
  1942 | D:3      | Learned a level 3 spell: Summon Guardian Golem
  2236 | D:3      | Found a basalt altar of Yredelemnul.
  2426 | D:3      | Reached XP level 4. HP: 24/24 MP: 7/12
  2434 | D:3      | Reached skill level 5 in Spellcasting
  2605 | D:3      | Killed from afar by an orc priest

Skill      XL: |  1  2  3  4 |
---------------+-------------+-----
Summonings     | 5 |  5.3
Spellcasting   | 4 5 |  5.4
Dodging        | |  2.4
Stealth        | |  2.4

Action                   |  1- 3 |  4- 6 || total
-------------------------+-------+-------++-------
Melee: Unarmed           |    51 |       ||    51
 Cast: Summon Small Mamm |    15 |       ||    15
       Call Imp          |    36 |     8 ||    44
       Summon Guardian G |     1 |     1 ||     2
  Use: Scroll            |     7 |       ||     7
  Eat: Chunk             |     5 |     1 ||     6
Armor: Robe              |    17 |       ||    17
Dodge: Dodged            |    90 |     4 ||    94
